Map: Kairos Junction LE

Players

LiquidMaNa (MaNa)

  • Race: Protoss Protoss
  • League: Grandmaster
  • Spawn Location: 11:00

Namshar - Winner!

  • Race: Zerg Zerg
  • League: Grandmaster
  • Spawn Location: 5:00

Event: 2019 WCS Winter Europe

VOD

Have the link to the VOD?

Description

Time

  • Played on: Feb. 14, 2019, 10:03 a.m.
  • Length: 12:42

All games in this series

Show
View Real Time Build Order
Export as new Build Order

LiquidMaNa Protoss 

Build Orders: Nexus First 

Get SALT Encoding   

  12  0:00  Probe  
  13  0:12  Probe  
  14  0:17  Pylon  
  14  0:24  Probe  
  15  0:32  Probe  
  15  0:40  Probe  
  17  1:00  Nexus  
  17  1:03  Probe  
  17  1:10  Assimilator  
  17  1:11  Probe  
  19  1:19  Probe  
  19  1:20  Assimilator  
  20  1:31  Probe  
  21  1:37  Gateway  
  21  1:43  Probe  
  22  1:50  Gateway  
  22  1:55  Probe  
  23  2:01  Pylon  
  23  2:11  Probe  
  23  2:12  Probe  
  25  2:21  Probe x2  
  25  2:24  Cybernetics Core  
  25  2:29  Probe x2  
  27  2:35  Zealot  
  31  2:38  Probe x2  
  33  2:50  Probe x2  
  35  3:02  Probe  
  35  3:05  Adept x2  
  38  3:10  Probe  
  40  3:17  Warp Gate  
  38  3:20  Probe  
  38  3:22  Probe  
  38  3:26  Stargate  
  38  3:27  Stargate  
  40  3:29  Stalker  
  40  3:33  Pylon  
  40  3:34  Probe x2  
  44  3:46  Probe  
  44  3:47  Probe  
  44  3:48  Pylon  
  46  3:52  Assimilator  
  46  3:56  Assimilator  
  46  3:58  Probe  
  46  3:59  Probe  
  48  4:03  Phoenix, Twilight Council  
  48  4:10  Probe  
  48  4:14  Phoenix  
  53  4:20  Adept  
  51  4:27  Shield Battery  
  49  4:34  Phoenix  
  49  4:35  Probe x2  
  49  4:37  Pylon  
  53  4:47  Resonating Glaives  
  53  4:50  Probe x2  
  55  4:57  Phoenix  
  57  5:10  Adept x2  
  57  5:11  Phoenix, Nexus  
  61  5:17  Phoenix  
  63  5:22  Probe, Pylon  
  63  5:24  Pylon  
  66  5:35  Adept x2  
  70  5:36  Phoenix  
  72  5:46  Shield Battery  
  72  5:55  Zealot x2  
  76  6:01  Robotics Facility  
  72  6:16  Phoenix x2, Adept x2  
  80  6:36  Adept  
  80  6:37  Adept  
  80  6:39  Immortal  
  76  6:42  Pylon  
  76  6:43  Phoenix x2  
  76  6:44  Shield Battery  
  76  6:46  Shield Battery  
  80  6:51  Pylon  
  83  6:54  Pylon  
  83  6:58  Pylon  
  83  7:06  Pylon  
  83  7:12  Void Ray  
  83  7:13  Void Ray  
  87  7:24  Zealot  
  76  7:48  Nexus  
  70  7:55  Phoenix  
  70  7:56  Zealot, Immortal  
  69  8:20  Oracle  
  69  8:26  Probe x2  
  70  8:35  Zealot  
  70  8:38  Probe  
  68  8:43  Probe  
  63  8:50  Probe  
  63  8:53  Probe  
  63  8:58  Probe x2  
  63  9:01  Probe  
  64  9:04  Observer  
  64  9:06  Probe x2  
  64  9:09  Probe  
  69  9:19  Probe  
  69  9:20  Probe  
  69  9:21  Probe  
  72  9:31  Dark Shrine  
  72  9:32  Probe x2  
  74  9:40  Probe  
  74  9:45  Probe x2  
  77  9:48  Robotics Bay  
  77  9:52  Probe  
  78  9:57  Cybernetics Core, Probe  
  78  9:59  Probe  
  80  10:04  Probe  
  81  10:09  Probe  
  81  10:11  Probe  
  83  10:14  Pylon  
  83  10:17  Probe  
  84  10:21  Probe  
  84  10:24  Colossus  
  85  10:29  Probe x2  
  85  10:33  Robotics Facility  
  93  10:40  Sentry  
  93  10:41  Probe x2  
  93  10:42  Probe  
  98  10:44  Gateway  
  98  10:46  Shield Battery  
  98  10:53  Probe x2  
  98  10:54  Probe  
  101  10:58  Pylon  
  101  11:01  Pylon  
  101  11:04  Sentry  
  103  11:07  Colossus  
  103  11:08  Colossus, Assimilator  
  103  11:09  Assimilator  
  115  11:27  Probe  
  115  11:32  Sentry  
  118  11:35  Shield Battery  
  115  11:40  Shield Battery  
  115  11:42  Adept  
  117  12:00  Zealot  
  119  12:01  Disruptor  
  117  12:15  Zealot  
  106  12:16  Sentry  
  106  12:20  Probe  
Show
View Real Time Build Order
Export as new Build Order

Namshar Zerg - Winner!

Build Orders: Hatch First 

Get SALT Encoding   

  12  0:00  Drone  
  13  0:12  Overlord  
  13  0:16  Drone  
  14  0:30  Drone  
  15  0:44  Hatchery  
  15  0:48  Drone  
  15  0:50  Drone  
  15  0:55  Drone  
  17  1:09  Spawning Pool  
  16  1:12  Drone  
  16  1:17  Extractor  
  16  1:21  Drone x2  
  18  1:32  Drone  
  19  1:42  Drone  
  20  1:55  Queen  
  20  1:56  Queen, Zergling x4  
  26  2:03  Overlord  
  26  2:06  Drone  
  27  2:14  Drone  
  28  2:18  Metabolic Boost  
  28  2:22  Drone  
  29  2:26  Drone  
  30  2:36  Hatchery  
  29  2:41  Drone  
  30  2:45  Queen  
  30  2:49  Overlord  
  32  2:52  Drone  
  33  2:59  Drone x2  
  33  3:04  Drone  
  35  3:12  Drone x3  
  38  3:16  Overlord  
  38  3:17  Drone x3  
  40  3:27  Drone  
  40  3:28  Drone x2  
  43  3:38  Zergling x6  
  43  3:39  Zergling x2  
  43  3:41  Queen  
  49  3:45  Roach Warren  
  49  3:46  Zergling x4  
  50  3:48  Extractor  
  50  3:54  Drone x3  
  50  3:55  Drone  
  53  3:58  Overlord  
  53  4:01  Drone x2  
  55  4:06  Overlord  
  55  4:07  Overlord  
  55  4:12  Lair  
  55  4:15  Drone x4  
  57  4:27  Drone  
  57  4:28  Drone x4  
  61  4:31  Queen  
  61  4:32  Overlord  
  61  4:34  Drone  
  61  4:37  Drone x3  
  67  4:39  Drone  
  68  4:51  Queen  
  68  4:52  Spore Crawler  
  69  4:53  Extractor, Drone  
  69  4:54  Extractor  
  69  4:55  Drone x3  
  69  4:57  Spore Crawler  
  69  5:02  Extractor, Drone x3  
  69  5:06  Drone x2  
  73  5:07  Drone  
  73  5:10  Glial Reconstitution  
  73  5:11  Queen  
  73  5:12  Nydus Network  
  73  5:15  Drone  
  73  5:19  Overlord x2  
  74  5:22  Drone x2  
  74  5:23  Spore Crawler  
  74  5:25  Drone  
  74  5:26  Drone  
  74  5:27  Queen  
  79  5:34  Drone  
  79  5:35  Roach  
  81  5:36  Overlord  
  81  5:37  Overlord  
  81  5:38  Overseer  
  82  5:43  Roach x3  
  82  5:48  Nydus Canal  
  88  5:50  Roach x4  
  94  6:00  Roach x6  
  94  6:02  Nydus Canal  
  106  6:09  Roach x3  
  110  6:14  Roach x2  
  110  6:15  Roach x2  
  112  6:21  Queen  
  112  6:22  Queen  
  112  6:29  Queen  
  110  6:34  Roach x2  
  110  6:37  Overlord x3  
  110  6:38  Hydralisk Den  
  110  6:52  Roach x2  
  110  6:53  Overlord x2  
  112  6:55  Overlord x2  
  110  7:01  Nydus Canal  
  110  7:04  Hatchery  
  110  7:05  Roach  
  110  7:06  Roach x4  
  114  7:14  Roach  
  90  7:31  Roach x5  
  90  7:32  Roach x2  
  100  7:39  Roach  
  98  7:49  Roach x3  
  98  7:54  Nydus Canal  
  98  7:57  Queen x2  
  88  8:17  Queen  
  88  8:19  Drone x4  
  90  8:20  Drone  
  90  8:21  Drone  
  90  8:25  Drone  
  90  8:26  Drone  
  92  8:28  Drone x3  
  92  8:31  Drone x2  
  92  8:32  Queen  
  92  8:33  Queen  
  89  8:35  Spore Crawler  
  89  8:37  Drone  
  89  8:41  Queen  
  85  8:46  Spore Crawler, Drone x3  
  87  8:49  Spore Crawler  
  87  8:50  Spore Crawler  
  87  8:52  Queen  
  87  8:55  Drone x5  
  82  8:57  Evolution Chamber  
  83  9:06  Grooved Spines, Extractor, Overlord  
  83  9:09  Queen  
  82  9:15  Spore Crawler  
  82  9:23  Zerg Missile Weapons Level 1  
  82  9:24  Drone  
  82  9:26  Drone  
  82  9:30  Spore Crawler  
  83  9:33  Hydralisk  
  83  9:34  Spore Crawler, Hydralisk x4  
  92  9:42  Drone x2  
  90  9:46  Hydralisk x4  
  90  9:51  Drone x4  
  102  9:56  Hydralisk x2  
  106  10:05  Overlord x2  
  106  10:08  Hydralisk x2  
  106  10:09  Hydralisk  
  112  10:15  Overlord  
  112  10:17  Muscular Augments  
  112  10:22  Hydralisk x4  
  120  10:34  Hydralisk x5  
  130  10:37  Overlord  
  130  10:46  Roach x4  
  130  10:47  Roach x2  
  142  10:52  Roach x4  
  142  10:53  Overseer  
  150  10:58  Hydralisk x2  
  154  11:11  Hydralisk  
  154  11:12  Hydralisk x4  
  154  11:18  Lurker Den  
  163  11:25  Hydralisk  
  163  11:26  Roach x2  
  163  11:32  Zergling x20  
  179  11:42  Hydralisk  
  179  11:43  Hydralisk x2, Zergling x4  
  187  11:52  Roach x3  
  189  11:54  Drone  
  189  11:56  Infestation Pit, Drone  
  189  11:57  Extractor  
  189  11:58  Extractor  
  171  12:20  Roach  
  171  12:21  Roach x8  
Tags
 
Add a new tag
Caveats
  • Supply blocks, unpowered buildings, or Contaminate may cause inaccurate times.
  • Supply counts are checked every 10 seconds.